 Dungeon Crawl Stone Soup version 0.23.2-1-ga50397a6bc (webtiles) character file.

Game seed: 6086329511395393726

5128 cada the Cruncher (level 10, -1/126 HPs)
             Began as a Formicid Fighter on May 21, 2019.
             Was a Priest of Okawaru.
             Slain by a white ugly thing (13 damage)
             ... on level 12 of the Dungeon.
             The game lasted 00:19:51 (7471 turns).

cada the Cruncher (Formicid Fighter)                Turns: 7471, Time: 00:19:52

Health: -1/126     AC: 17    Str: 19 (21) XL:     10   Next: 88%
Magic:  14/14      EV:  2    Int: 16 (18) God:    Okawaru [***...]
Gold:   546        SH: 14    Dex: 13 (15) Spells: 9/9 levels left

rFire    . . .     SeeInvis .   a - +0 quarterstaff
rCold    . . .     Gourm    .   c - +1 shield
rNeg     + + +     Faith    .   (armour currently unavailable)
rPois    +         Spirit   .   (helmet unavailable)
rElec    .         Reflect  .   (cloak currently unavailable)
rCorr    .         Harm     .   (gloves currently unavailable)
MR       +....                  (boots currently unavailable)
Stlth    ++++......             (no amulet)
HPRegen  0.31/turn              (no ring)
MPRegen  0.14/turn              d - ring of positive energy

@: brilliant, agile, tree-form, heroism, corroded
A: permanent stasis, dig shafts and tunnels, four strong arms, clever 1, robust
1, MP-powered wands
a: Heroism, Renounce Religion


You were on level 12 of the Dungeon.
You worshipped Okawaru.
Okawaru was most pleased with you.
You were not hungry.
You were a tree.
You visited 2 branches of the dungeon, and saw 11 of its levels.

You collected 574 gold pieces.
You spent 28 gold pieces at shops.

Inventory:

Hand Weapons
 a - a +0 quarterstaff (weapon)
Missiles
 y - 2 throwing nets (quivered)
Armour
 c - a +1 shield (worn)
 j - a +3 scale mail (melded)
 m - a +0 chain mail
 s - +0 acid dragon scales
 C - a +2 cloak (melded)
Jewellery
 d - a ring of positive energy (right branch)
 p - an uncursed ring of magical power
Wands
 q - a wand of random effects (20)
Scrolls
 e - 3 scrolls of remove curse
 n - a scroll of fog
 z - a scroll of enchant weapon {unknown}
 A - a scroll of noise
 B - a scroll of enchant armour
 D - a scroll of amnesia
 E - a scroll of torment
Potions
 k - a potion of agility
 l - a potion of curing
 o - 3 potions of cancellation
 t - 3 potions of flight
 u - a potion of ambrosia
Comestibles
 f - 15 rations


   Skills:
 + Level 6.3(11.3) Fighting
 + Level 9.6(14.6) Staves
 + Level 6.4(11.4) Armour
 + Level 3.7(8.7) Dodging
 + Level 9.1(14.1) Shields
 * Level 6.5 Invocations


You had 9 spell levels left.
You didn't know any spells.
Your spell library was empty.

Dungeon Overview and Level Annotations

Branches:
Dungeon (9/15)             Temple (1/1) D:5
   Lair: D:8-11         Orc: D:9-12

Altars:
Ashenzari
Cheibriados
Elyvilon
Fedhas
Gozag
Hepliaklqana
Kikubaaqudgha
Makhleb
Nemelex Xobeh
Okawaru
Qazlal
Ru
Sif Muna
Trog
Uskayaw
Vehumet
Wu Jian
Xom
Yredelemnul
Zin
The Shining One

Shops:
D:4 ?

Annotations:
D:7 1 runed translucent door, Peloso's ghost, novice MiFi


Innate Abilities, Weirdness & Mutations

You cannot be hasted, slowed, berserked, paralysed or teleported.
You can dig through walls and to a lower floor.
Your four strong arms can wield two-handed weapons with a shield.
((You have a pair of large antennae on your head. (SInv)))
Your mind is acute. (Int +2)
You are robust. (+10% HP)
You expend magic power (3 MP) to strengthen your wands.


Message History

The centaur hits you but does no damage.
You block the hound's attack. The white ugly thing barely misses you.
You barely miss the acid dragon.
The acid dragon is moderately wounded.
The centaur hits you.
* * * LOW HITPOINT WARNING * * *
You block the acid dragon's attack.
The acid dragon claws you but does no damage.
You block the hound's attack.
You feel better.
The centaur hits you but does no damage.
You block the white ugly thing's attack.
The hound bites you but does no damage. You block the acid dragon's attack. x2
The centaur hits you but does no damage.
You barely miss the acid dragon.
The acid dragon is moderately wounded.
The hound bites you but does no damage. The white ugly thing trunk-slaps you!
* * * LOW HITPOINT WARNING * * *
The white ugly thing freezes you!
You die...

#. .....#
#.##....##
...>.....#
.........
#........
#.......#
......Dh#
#.....u♣#
......c†#{
##..##..#
#. #..# {
#..# ../.
#..# ...#


You could see a white ugly thing, an acid dragon, a centaur and a hound.

Vanquished Creatures
  A kobold demonologist (D:8)
  A troll (D:9)
  A hornet (D:12)
  A hippogriff (D:6)
  Sigmund (D:5)
  A shadow (D:8)
  Eustachio (D:6)
  A water moccasin (D:8)
  2 sky beasts
  2 ice beasts
  A black bear (D:8)
  4 phantoms
  2 ogres
  6 centaurs
  4 bullfrogs
  3 scorpions
  5 killer bees
  5 howler monkeys
  2 vampire bats (D:8)
  2 bullfrog zombies
  3 crimson imps
  A quasit (D:8)
  2 centaur zombies
  A jelly (D:5)
  2 orc priests
  2 hounds (D:8)
  9 orc wizards
  3 bullfrog skeletons
  2 iguanas
  7 worker ants
  Natasha (thrice) (D:2)
  A killer bee zombie (D:6)
  A hound skeleton (D:5)
  Robin (D:3)
  A howler monkey zombie (D:8)
  3 gnolls (D:8)
  A howler monkey skeleton (D:6)
  8 adders
  An ooze (D:2)
  An adder skeleton (D:4)
  3 worms
  5 dart slugs
  7 leopard geckos
  28 orcs
  7 bat skeletons (D:8)
  2 giant cockroaches (D:1)
  16 goblins
  6 hobgoblins
  9 jackals
  7 quokkas
  6 bats
  7 frilled lizards
  2 jackal skeletons
  8 kobolds
  A leopard gecko skeleton (D:4)
  2 quokka skeletons
  A quokka zombie (D:7)
  8 rats
224 creatures vanquished.

Notes
Turn   | Place    | Note
-------+----------+-------------------------------------------
     0 | D:1      | cada the Formicid Fighter began the quest for the Orb.
     0 | D:1      | Reached XP level 1. HP: 18/18 MP: 1/1
    92 | D:1      | Reached XP level 2. HP: 23/24 MP: 2/2
   472 | D:1      | Reached XP level 3. HP: 29/29 MP: 3/3
   928 | D:2      | Reached XP level 4. HP: 32/36 MP: 4/4
  1467 | D:2      | Noticed Natasha
  1476 | D:2      | Killed Natasha
  1476 | D:2      | Reached XP level 5. HP: 25/42 MP: 5/5
  1624 | D:2      | Noticed Natasha
  1628 | D:2      | Killed Natasha
  1757 | D:2      | Noticed Natasha
  1766 | D:2      | Killed Natasha
  1874 | D:3      | Noticed Robin
  1922 | D:3      | Killed Robin
  2071 | D:3      | Reached XP level 6. HP: 46/48 MP: 6/6
  2401 | D:3      | Found a glowing golden altar of the Shining One.
  2404 | D:3      | Noticed an angel
  2409 | D:3      | Found a basalt altar of Yredelemnul.
  2412 | D:3      | Noticed a profane servitor
  2726 | D:4      | Noticed an ogre
  2737 | D:4      | Killed an ogre
  2737 | D:4      | Reached skill level 1 in Dodging
  2747 | D:4      | Reached skill level 5 in Shields
  2833 | D:4      | Reached XP level 7. HP: 42/54 MP: 7/7
  2992 | D:4      | Found an opulent altar of Gozag.
  3147 | D:4      | Reached skill level 5 in Staves
  3225 | D:4      | Found Nauxo's Magic Scroll Boutique.
  3228 | D:4      | Bought a scroll of identify for 28 gold pieces
  3364 | D:5      | Entered Level 5 of the Dungeon
  3450 | D:5      | Noticed Sigmund
  3463 | D:5      | Killed Sigmund
  3463 | D:5      | Reached XP level 8. HP: 47/61 MP: 8/8
  3781 | D:5      | Found a staircase to the Ecumenical Temple.
  3790 | Temple   | Entered the Ecumenical Temple
  3830 | Temple   | Became a worshipper of Warmaster Okawaru
  3892 | D:5      | Reached skill level 5 in Armour
  3892 | D:5      | Reached skill level 1 in Invocations
  4087 | D:5      | Found a deep blue altar of Sif Muna.
  4088 | D:5      | Found a white marble altar of Elyvilon.
  4314 | D:6      | Found an ornate altar of the Wu Jian Council.
  4464 | D:6      | Got an ancient falchion
  4499 | D:6      | Found a sacrificial altar of Ru.
  4518 | D:6      | Reached XP level 9. HP: 63/67 MP: 10/10
  4526 | D:6      | Reached * piety under Okawaru
  4526 | D:6      | Reached skill level 5 in Fighting
  4699 | D:6      | Identified the +7 dagger "Futeat" {freeze, rN+ MR+ Dex-2}
  4738 | D:6      | Identified the +3 falchion of Purpose {slice, +Inv rF+ rC+
                  | Str-5} (You found it on level 6 of the Dungeon)
  4925 | D:6      | Noticed Eustachio
  4943 | D:6      | Killed Eustachio
  5375 | D:7      | Noticed a hippogriff
  5387 | D:6      | Killed a hippogriff
  5387 | D:6      | Reached ** piety under Okawaru
  5891 | D:7      | Reached XP level 10. HP: 76/76 MP: 13/13
  5939 | D:7      | Found a runed translucent door.
  5939 | D:7      | Noticed Peloso's ghost (novice MiFi)
  6189 | D:8      | Reached skill level 5 in Invocations
  6489 | D:8      | Found an ancient bone altar of Kikubaaqudgha.
  6639 | D:8      | Reached *** piety under Okawaru
  6669 | D:8      | Found a radiant altar of Vehumet.
  6960 | D:8      | Noticed a kobold demonologist
  6969 | D:8      | Noticed an ice devil
  6980 | D:8      | Killed a kobold demonologist
  7446 | D:9      | You fall through a shaft for 3 floors!
  7456 | D:12     | Noticed a white ugly thing
  7457 | D:12     | HP: 2/114 [acid (15)]
  7459 | D:12     | Gained mutation: You expend magic power (3 MP) to
                  | strengthen your wands. [potion of mutation]
  7459 | D:12     | Gained mutation: You are robust. (+10% HP) [potion of
                  | mutation]
  7459 | D:12     | Gained mutation: Your mind is acute. (Int +2) [potion of
                  | mutation]
  7471 | D:12     | Slain by a white ugly thing

Skill      XL: |  1  2  3  4  5  6  7  8  9 10 |
---------------+-------------------------------+-----
Shields        | 4 5 6 7 9 |  9.1
Staves         | 3 4 5 7 8 9 |  9.6
Armour         | 4 5 6 |  6.4
Fighting       | 4 5 6 |  6.3
Dodging        | 1 2 3 |  3.7
Invocations    | 2 4 6 |  6.5

Action                   |  1- 3 |  4- 6 |  7- 9 | 10-12 || total
-------------------------+-------+-------+-------+-------++-------
Melee: Quarterstaff      |   107 |   195 |   412 |   306 ||  1020
Invok: Heroism           |       |       |     4 |     5 ||     9
 Abil: Shaft Self        |       |       |       |     1 ||     1
Evoke: Wand              |       |       |       |     1 ||     1
  Use: Scroll            |       |     6 |     8 |     2 ||    16
       Potion            |       |     1 |     1 |    13 ||    15
  Eat: Ration            |       |     1 |     2 |     2 ||     5
       Chunk             |       |     3 |     3 |       ||     6
Armor: Scale mail        |    55 |    38 |   158 |    98 ||   349
       Chain mail        |       |    46 |       |       ||    46
       Skin              |       |       |    10 |    40 ||    50
Dodge: Dodged            |    37 |    48 |   186 |   154 ||   425
Block: Shield            |    58 |    85 |   269 |   229 ||   641
